[Event "fics rated crazyhouse match"]
[Site "fics, Oklahoma City, OK USA"]
[Date "2000.10.31"]
[White "tantheman"]
[WhiteElo "2280"]
[Black "Thufir"]
[BlackElo "2327"]
[TimeControl "60+0"]
[Result "0-1"]

1. e4 e6 2. Nc3 Nf6 3. Nf3 Bb4 4. e5 Bxc3 5. dxc3 Nd5 6. Bd3 
Nc6 7. O-O N@f4 8. Bxf4 Nxf4 9. B@g3 Nxd3 10. cxd3 B@g4 11. h3 Bxf3 
12. Qxf3 N@f5 13. N@h5 B@g6 14. B@g4 Bxh5 15. Bxh5 O-O 16. B@e4 Nxg3 17. Qxg3 
B@g6 18. Bhxg6 fxg6 19. B@h4 N@e2+ 20. Kh1 Nxg3+ 21. fxg3 B@e7 22. Bxe7 Qxe7 
23. B@h4 B@g5 24. Bxg5 Qxg5 25. B@h4 Qxe5 26. Rxf8+ Kxf8 27. Rf1+ P@f5 28. R@h8+ 
B@g8 29. N@c4 Qb5 30. N@g5 R@h6 31. N@f7 d5 32. Nxh6 gxh6 33. Nxh7+ Ke8 
34. Rxg8+ Kd7 35. Ne5+ Nxe5 36. Rd8+ Kc6 37. P@b3 dxe4 38. B@a4 Nxd3 39. Bxb5+ 
Kxb5 40. Q@c4+ Kb6 41. Rxd3 a5 42. N@a4+ Ka7 43. Qxc7 N@f2+ 44. Rxf2 Q@c1+ 
45. Kh2 Qh1# 
{tantheman forfeits on time} 0-1

[Event "fics rated crazyhouse match"]
[Site "fics, Oklahoma City, OK USA"]
[Date "2000.10.31"]
[White "Thufir"]
[WhiteElo "2334"]
[Black "tantheman"]
[BlackElo "2273"]
[TimeControl "60+0"]
[Result "1-0"]

1. e4 e6 2. d3 b6 3. Nc3 Bb7 4. Nf3 Nf6 5. Be2 Bb4 6. O-O 
d5 7. e5 Ng4 8. d4 Bxc3 9. bxc3 N@e4 10. Bd2 Ngxf2 11. Rxf2 Nxf2 
12. Kxf2 P@e4 13. Ng5 h6 14. Nh3 Qh4+ 15. B@g3 Qd8 16. N@h5 O-O 17. N@f6+ 
gxf6 18. Nxf6+ Kh8 19. Bxh6 N@f5 20. P@g7+ Nxg7 21. Bxg7+ Kxg7 22. N@h5+ Kh8 
23. P@g7# 
{tantheman checkmated} 1-0

[Event "fics rated crazyhouse match"]
[Site "fics, Oklahoma City, OK USA"]
[Date "2000.10.31"]
[White "tantheman"]
[WhiteElo "2266"]
[Black "Thufir"]
[BlackElo "2341"]
[TimeControl "60+0"]
[Result "1-0"]

1. e4 e6 2. Nc3 Nc6 3. Nf3 Nf6 4. e5 Nd5 5. Be2 d6 6. exd6 
cxd6 7. d4 Be7 8. O-O O-O 9. P@h6 gxh6 10. Bxh6 Re8 11. Nxd5 exd5 
12. N@g7 N@g4 13. Nxe8 Nxh6 14. Qd2 B@g5 15. Nxg5 Bxg5 16. P@f4 Qxe8 17. fxg5 
Nf5 18. B@f6 P@g7 19. Bxg7 N@e4 20. B@f6 N@g6 21. Qe3 Nxf6 22. Bxf6 P@g7 
23. Qxe8+ B@f8 24. Bxg7 Nxg7 25. N@h6# 
{Thufir resigns} 1-0

[Event "fics rated crazyhouse match"]
[Site "fics, Oklahoma City, OK USA"]
[Date "2000.10.31"]
[White "Thufir"]
[WhiteElo "2331"]
[Black "tantheman"]
[BlackElo "2276"]
[TimeControl "60+0"]
[Result "1-0"]

1. e4 e6 2. d4 b6 3. Nc3 Bb7 4. Nf3 Nf6 5. Bd3 Bb4 6. Bg5 
Nxe4 7. Bxd8 Nxc3 8. bxc3 Bxc3+ 9. Kf1 Kxd8 10. Ne5 B@g6 11. Bxg6 fxg6 
12. N@f7+ Kc8 13. Nxh8 Bxg2+ 14. Kxg2 P@h3+ 15. Kxh3 B@f5+ 16. P@g4 N@g5+ 17. Kh4 
Nc6 18. B@a6+ P@b7 19. R@e8+ Nd8 20. Rxd8+ Kxd8 21. N@f7+ Ke7 22. Nxg5 Rf8 
23. Nhxg6+ hxg6 24. N@g8+ Rxg8 25. Q@f7+ Kd6 26. B@e7+ Kd5 27. Bc4# 
{tantheman checkmated} 1-0

[Event "fics rated crazyhouse match"]
[Site "fics, Oklahoma City, OK USA"]
[Date "2000.10.31"]
[White "tantheman"]
[WhiteElo "2269"]
[Black "Thufir"]
[BlackElo "2338"]
[TimeControl "60+0"]
[Result "1-0"]

1. e4 e6 2. Nc3 Nc6 3. Nf3 Nf6 4. Be2 d5 5. exd5 exd5 6. P@e5 
Ne4 7. d4 Bb4 8. Bd2 Nxd2 9. Qxd2 P@a3 10. bxa3 Bxc3 11. Qxc3 N@e4 
12. Qxc6+ bxc6 13. O-O B@g4 14. P@h3 Bxf3 15. Bxf3 Nd2 16. B@g4 Bxg4 17. Bxg4 
B@e4 18. B@d7+ Kf8 19. N@h4 Qxh4 20. B@g3 Qe7 21. Bxc6 N@f3+ 22. Kh1 N@e2 
23. N@d7+ Kg8 24. P@f6 Nxg3+ 25. fxg3 Qxd7 26. N@e2 Qxc6 27. gxf3 Nxf3 28. Bxf3 
Bxf3+ 29. Rxf3 P@g2+ 30. Kxg2 B@e4 31. B@g4 N@e3+ 32. Kf2 Q@g2+ 33. Kxe3 B@h6+ 
34. P@f4 Qxf3+ 35. Bxf3 Bxf3 36. N@e7+ Kf8 37. Nxc6 R@c3+ 38. Nxc3 B@d6 39. Kxf3 
Bxe5 40. B@e7+ Kg8 41. R@d8# 
{Thufir forfeits on time} 1-0

[Event "fics rated crazyhouse match"]
[Site "fics, Oklahoma City, OK USA"]
[Date "2000.10.31"]
[White "Thufir"]
[WhiteElo "2328"]
[Black "tantheman"]
[BlackElo "2279"]
[TimeControl "60+0"]
[Result "1-0"]

1. e4 e6 2. d4 b6 3. Nc3 Bb7 4. Nf3 Nf6 5. Bd3 Be7 6. e5 
Ng4 7. O-O O-O 8. h3 Nxf2 9. Rxf2 d6 10. Rf1 dxe5 11. dxe5 P@b4 
12. P@f6 gxf6 13. Bh6 bxc3 14. Bxh7+ Kxh7 15. Qxd8 B@c5+ 16. P@d4 P@f2+ 17. Rxf2 
N@f5 18. Qxf8 Bxf8 19. N@g5+ fxg5 20. Nxg5+ Kg6 21. Q@h7+ Kh5 22. Bxf8+ P@h6 
23. B@g4+ Kh4 24. Bxf5 N@e2+ 25. Rxe2 Bxd4+ 26. P@f2 P@h2+ 27. Kxh2 Bxf2 28. Qxh6+ 
P@h5 29. N@f3+ Bxf3 30. Nxf3# 
{tantheman checkmated} 1-0

[Event "fics rated crazyhouse match"]
[Site "fics, Oklahoma City, OK USA"]
[Date "2000.10.31"]
[White "tantheman"]
[WhiteElo "2272"]
[Black "Thufir"]
[BlackElo "2335"]
[TimeControl "60+0"]
[Result "1-0"]

1. e4 e6 2. Nc3 d6 3. Nf3 Nf6 4. d4 Be7 5. Bc4 Bd7 6. d5 
exd5 7. exd5 Bg4 8. P@e6 fxe6 9. dxe6 O-O 10. P@f7+ Kh8 11. h3 Bf5 
12. Bg5 Nc6 13. Bxf6 Bxf6 14. N@h5 B@e5 15. Nxf6 Qxf6 16. B@g5 Bxc3+ 17. bxc3 
Qxc3+ 18. Qd2 Qxa1+ 19. B@d1 R@e4+ 20. Be2 P@c3 21. Qd5 P@d2+ 22. Nxd2 cxd2+ 
23. Bxd2 Rxe6 24. Qxf5 Rf6 25. B@c3 Rxf5 26. P@h6 Qxc3 27. Bxc3 N@h5 28. hxg7+ 
Nxg7 29. P@h6 B@e5 30. hxg7+ Bxg7 31. Bxg7+ Kxg7 32. P@h6+ Kxf7 33. Q@g7+ Ke6 
34. B@d7+ Kd5 35. Bxf5 Kc5 36. R@b5# 
{Thufir checkmated} 1-0

[Event "fics rated crazyhouse match"]
[Site "fics, Oklahoma City, OK USA"]
[Date "2000.10.31"]
[White "Thufir"]
[WhiteElo "2326"]
[Black "tantheman"]
[BlackElo "2281"]
[TimeControl "60+0"]
[Result "1-0"]

1. e4 e6 2. d4 b6 3. Nc3 Bb7 4. Nf3 Nf6 5. Bd3 Bb4 6. Bg5 
Nxe4 7. Bxd8 Nxc3 8. bxc3 Bxc3+ 9. Kf1 Kxd8 10. N@e5 B@h5 11. Rb1 P@f6 
12. Q@h4 Bbxf3 13. Nxf3 Bg6 14. Bxg6 fxg6 15. B@b7 B@a6+ 16. Bxa6 Nxa6 17. B@b7 
B@c4+ 18. B@d3 Bxa2 19. Bdxa6 Bxb1 20. N@f7+ Ke7 21. Bxa8 Rxa8 22. N7e5 P@f7 
23. Bb7 B@b5+ 24. Nd3 N@g5 25. Nxg5 R@e1+ 26. Qxe1 Bxe1 27. Qe4 Bxd3+ 28. Qxd3 
Ba5 29. B@a3+ P@d6 30. R@d1 N@b2 31. Bxb2 N@b4 32. Qe2 Bxc2 33. N@d5+ Nxd5 
34. Bxd5 P@d3 35. Bxa8 dxe2+ 36. Kxe2 Bxd1+ 37. Rxd1 N@f4+ 38. Kf3 
{tantheman forfeits on time} 1-0

[Event "fics rated crazyhouse match"]
[Site "fics, Oklahoma City, OK USA"]
[Date "2000.10.31"]
[White "tantheman"]
[WhiteElo "2274"]
[Black "Thufir"]
[BlackElo "2333"]
[TimeControl "60+0"]
[Result "0-1"]

1. e4 e6 2. Nc3 Nc6 3. Nf3 Bb4 4. e5 d6 5. exd6 cxd6 6. d4 
Nf6 7. Be2 Ne4 8. Bd2 Nxd2 9. Nxd2 Nxd4 10. O-O Bxc3 11. bxc3 Nxe2+ 
12. Qxe2 N@f4 13. Qg4 B@g5 14. P@g3 B@f5 15. Qf3 P@g4 16. B@b4 gxf3 17. Nxf3 
Nd5 18. P@f4 Be7 19. N@h5 Rg8 20. N@h4 Bg4 21. Nxg7+ Rxg7 22. Rad1 Bxf3 
23. Nxf3 P@e2 24. B@a4+ Bd7 25. Bxd7+ Qxd7 26. Rxd5 exd5 27. B@d3 exf1=Q+ 28. Bxf1 
R@b1 29. N@d4 B@c5 30. Bxc5 dxc5 31. P@h6 cxd4 32. hxg7 N@e2+ 33. Kh1 Rxf1+ 
34. B@g1 Nxg1 35. R@h8+ B@f8 36. gxf8=Q+ Bxf8 37. Rxf8+ Kxf8 38. B@h6+ Ke8 39. Nxg1 
Rxg1+ 40. Kxg1 R@e1+ 41. B@f1 N@e2# 
{tantheman resigns} 0-1

[Event "fics rated crazyhouse match"]
[Site "fics, Oklahoma City, OK USA"]
[Date "2000.10.31"]
[White "Thufir"]
[WhiteElo "2340"]
[Black "tantheman"]
[BlackElo "2267"]
[TimeControl "60+0"]
[Result "1-0"]

1. e4 e6 2. Nc3 b6 3. d4 Bb7 4. Nf3 Nf6 5. Bd3 Bb4 6. Bg5 
Nxe4 7. Bxd8 Nxc3 8. bxc3 Bxc3+ 9. N@d2 Kxd8 10. Rb1 B@h5 11. Q@h4+ N@f6 
12. O-O Bxd2 13. Qxd2 Bhxf3 14. gxf3 Bxf3 15. B@h3 P@g4 16. Bxg4 Bxg4 17. P@g2 
P@h3 18. B@b7 hxg2 19. Bxa8 B@c6 20. Bxc6 Nxc6 21. R@a8+ N@b8 22. B@e4 P@h3 
23. f3 gxf1=Q+ 24. Bxf1 P@g2 25. Bxg2 hxg2 26. Qxg2 B@b7 27. Rxb8+ Nxb8 28. Bxb7 
B@a6 29. Bxa6 Nxa6 30. Qgxg4 B@f5 31. Qxg7 R@g8 32. Qxf6+ Kc8 33. Qxg8+ Rxg8+ 
34. P@g7 N@e2+ 35. Kf2 R@g2+ 36. Kxg2 Nf4+ 37. Kg3 Q@g2+ 38. Kxf4 Qxg7 39. R@a8+ 
Kb7 40. N@e7 Qxf6 41. B@e4+ Bxe4+ 42. Ke3 Q@f5 43. Kd2 Qxf3 44. B@d5+ Bxd5 
45. N@a5# 
{tantheman forfeits on time} 1-0

[Event "fics rated crazyhouse match"]
[Site "fics, Oklahoma City, OK USA"]
[Date "2000.10.31"]
[White "tantheman"]
[WhiteElo "2261"]
[Black "Thufir"]
[BlackElo "2346"]
[TimeControl "60+0"]
[Result "1-0"]

1. e4 e6 2. Nc3 Nc6 3. Nf3 Nf6 4. Be2 Bb4 5. e5 Nd5 6. O-O 
Bxc3 7. dxc3 N@f4 8. Bxf4 Nxf4 9. B@g3 Nxe2+ 10. Qxe2 B@g4 11. h3 Bxf3 
12. gxf3 N@f5 13. B@g2 d6 14. exd6 cxd6 15. P@g4 Nxg3 16. fxg3 P@e5 17. N@h5 
Rg8 18. Rad1 B@g6 19. N@b5 B@b8 20. N@c4 d5 21. Ne3 Bxh5 22. gxh5 a6 
23. Na3 d4 24. cxd4 exd4 25. Ng4 P@c5 26. B@h4 f6 27. P@h6 gxh6 28. Nxf6+ 
Qxf6 29. Bxf6 N@d5 30. P@e5 Rxg3 31. Q@h8+ N@g8 32. Qxh7 Nf4 33. P@f7+ Kd7 
34. fxg8=Q+ Ne7 35. Qxe7+ Kc6 36. Qge8+ Kb6 37. Q8d8+ Ka7 38. N@b5+ axb5 39. Nxb5+ 
Ka6 40. Nc7+ Ka7 41. P@b6+ Kxb6 42. Nd5+ Ka7 43. Qb6# 
{Thufir checkmated} 1-0

[Event "fics rated crazyhouse match"]
[Site "fics, Oklahoma City, OK USA"]
[Date "2000.10.31"]
[White "Thufir"]
[WhiteElo "2336"]
[Black "tantheman"]
[BlackElo "2271"]
[TimeControl "60+0"]
[Result "0-1"]

1. e4 e6 2. d4 b6 3. Nc3 Bb7 4. f3 Nf6 5. Be3 c5 6. e5 
Nd5 7. Nxd5 exd5 8. dxc5 bxc5 9. P@d6 P@d4 10. N@c7+ Qxc7 11. dxc7 Nc6 
12. Bb5 dxe3 13. Qxd5 B@d2+ 14. Kf1 Be7 15. P@d6 O-O 16. dxe7 Nxe7 17. Qxb7 
P@f2 18. Nh3 Nf5 19. B@f4 N@h5 20. B@c3 N@g3+ 21. hxg3 Nhxg3+ 22. Bxg3 Nxg3# 
{Thufir checkmated} 0-1

[Event "fics rated crazyhouse match"]
[Site "fics, Oklahoma City, OK USA"]
[Date "2000.10.31"]
[White "tantheman"]
[WhiteElo "2280"]
[Black "Thufir"]
[BlackElo "2327"]
[TimeControl "60+0"]
[Result "0-1"]

1. e4 e6 2. Nc3 d6 3. Nf3 Nf6 4. d4 Be7 5. Bc4 O-O 6. d5 
e5 7. O-O c6 8. dxc6 bxc6 9. P@h3 P@d4 10. Bg5 dxc3 11. Bxf6 Bxf6 
12. bxc3 N@f4 13. P@g4 d5 14. exd5 cxd5 15. Bd3 e4 16. Bxe4 dxe4 17. Qxd8 
Rxd8 18. N@h5 Nxh5 19. gxh5 exf3 20. gxf3 N@e2+ 21. Kh1 P@g2+ 22. Kxg2 N@h4+ 
23. Kh1 B@g2# 
{tantheman checkmated} 0-1

[Event "fics rated crazyhouse match"]
[Site "fics, Oklahoma City, OK USA"]
[Date "2000.10.31"]
[White "Thufir"]
[WhiteElo "2334"]
[Black "tantheman"]
[BlackElo "2273"]
[TimeControl "60+0"]
[Result "1-0"]

1. e4 e6 2. d4 b6 3. Nc3 Bb7 4. Nf3 Nf6 5. Bd3 Bb4 6. e5 
Ng4 7. O-O Bxc3 8. bxc3 Nxf2 9. Rxf2 P@e4 10. N@h5 N@f5 11. Ng5 exd3 
12. Nxg7+ Nxg7 13. Rxf7 Qxg5 14. Bxg5 Kxf7 15. Q@e7+ Kg6 16. B@f7+ Kf5 17. P@g4+ 
Ke4 18. Qxd3+ Kd5 19. c4+ Kc6 20. P@b5# 
{tantheman checkmated} 1-0

[Event "fics rated crazyhouse match"]
[Site "fics, Oklahoma City, OK USA"]
[Date "2000.10.31"]
[White "tantheman"]
[WhiteElo "2266"]
[Black "Thufir"]
[BlackElo "2341"]
[TimeControl "60+0"]
[Result "1-0"]

1. e4 e6 2. Nc3 d6 3. Nf3 Nf6 4. d4 Be7 5. Be2 Nc6 6. O-O 
O-O 7. e5 Nd5 8. Nxd5 exd5 9. exd6 cxd6 10. P@h6 gxh6 11. Bxh6 N@f5 
12. P@g5 Nxh6 13. gxh6 P@e4 14. Ne1 B@g5 15. N@h3 Bxh3 16. gxh3 Bxh6 17. Kh1 
N@h4 18. Rg1+ P@g6 19. Rg2 Nxg2 20. Kxg2 P@f3+ 21. Bxf3 exf3+ 22. Nxf3 B@e4 
23. P@e2 Bxf3+ 24. exf3 N@h4+ 25. Kg1 R@g5+ 26. P@g3 Nxd4 27. B@g4 Nhf5 28. Bxf5 
Nxf5 29. B@g2 P@e3 30. fxe3 Nxe3 31. Qe2 Nxg2 32. Qxg2 Re5 33. N@g4 Re6 
34. Nxh6+ Kg7 35. Ng4 h6 36. Nxh6 Kxh6 37. N@g4+ Kg5 38. B@h4+ Kf5 39. N@h6# 
{Thufir checkmated} 1-0

[Event "fics rated crazyhouse match"]
[Site "fics, Oklahoma City, OK USA"]
[Date "2000.10.31"]
[White "Thufir"]
[WhiteElo "2331"]
[Black "tantheman"]
[BlackElo "2276"]
[TimeControl "60+0"]
[Result "1-0"]

1. e4 e6 2. Nc3 b6 3. d4 Bb7 4. Nf3 Nf6 5. Bd3 Bb4 6. e5 
Ng4 7. O-O Bxc3 8. bxc3 O-O 9. B@e4 Bxe4 10. Bxe4 B@d5 11. Bxd5 exd5 
12. B@h4 B@e7 13. Bxe7 Qxe7 14. B@h4 f6 15. exf6 Rxf6 16. P@e5 N@f5 17. Bxf6 
gxf6 18. exf6 Qxf6 19. B@e5 Nxe5 20. dxe5 Qg6 21. R@g5 P@g7 22. Rxg6 hxg6 
23. Ng5 P@f7 24. Q@e8+ R@f8 25. P@h7# 
{tantheman resigns} 1-0

[Event "fics rated crazyhouse match"]
[Site "fics, Oklahoma City, OK USA"]
[Date "2000.10.31"]
[White "tantheman"]
[WhiteElo "2269"]
[Black "Thufir"]
[BlackElo "2338"]
[TimeControl "60+0"]
[Result "0-1"]

1. e4 e6 2. Nc3 d5 3. Nf3 Nc6 4. exd5 exd5 5. Bb5 Nf6 6. Qe2+ 
P@e4 7. Ne5 Bd6 8. Nxc6 bxc6 9. Bxc6+ Bd7 10. Bxa8 Qxa8 11. P@f3 N@d4 
12. Qd1 exf3 13. gxf3 B@g2 14. Rg1 Nxf3+ 15. Qxf3 Bxf3 16. Rxg7 P@d4 17. P@e2 
dxc3 18. exf3 cxd2+ 19. Bxd2 N@d4 20. O-O-O Q@a1# 
{tantheman resigns} 0-1

[Event "fics rated crazyhouse match"]
[Site "fics, Oklahoma City, OK USA"]
[Date "2000.10.31"]
[White "Thufir"]
[WhiteElo "2344"]
[Black "tantheman"]
[BlackElo "2263"]
[TimeControl "60+0"]
[Result "1-0"]

1. e4 e6 2. d4 b6 3. Nc3 Bb7 4. Nf3 Nf6 5. Bd3 Bb4 6. e5 
Ne4 7. Bxe4 Bxe4 8. Ng5 Bxc3+ 9. bxc3 B@g6 10. f3 Bxc2 11. Qd2 N@d3+ 
12. Ke2 Nxc1+ 13. Rhxc1 B@h6 14. B@e3 P@d3+ 15. Kf2 Bxg5 16. Bxg5 Qxg5 17. Qxg5 
Nc6 18. B@b5 O-O 19. Bxc6 dxc6 20. N@e7+ Kh8 21. N@f6 B@h6 22. Qxh6 gxh6 
23. B@g7+ Kxg7 24. N@h5+ Bxh5 25. Nxh5+ Kh8 26. B@g7# 
{tantheman checkmated} 1-0

[Event "fics rated crazyhouse match"]
[Site "fics, Oklahoma City, OK USA"]
[Date "2000.10.31"]
[White "tantheman"]
[WhiteElo "2257"]
[Black "Thufir"]
[BlackElo "2350"]
[TimeControl "60+0"]
[Result "0-1"]

1. e4 e6 2. Nc3 Nc6 3. Nf3 Nf6 4. Be2 Be7 5. O-O d6 6. d4 
O-O 7. e5 Ng4 8. exd6 cxd6 9. P@h3 Nf6 10. d5 exd5 11. Nxd5 Nxd5 
12. Qxd5 Be6 13. Qh5 P@g6 14. Qb5 P@e4 15. P@h6 exf3 16. Bxf3 N@d4 17. hxg7 
Nxb5 18. gxf8=Q+ Qxf8 19. N@h6+ Kh8 20. R@g8+ Qxg8 21. Nxg8 Kxg8 22. P@h6 N@f5 
23. P@g7 Nxg7 24. hxg7 Kxg7 25. Bxc6 bxc6 26. N@f4 B@e4 27. Nxe6+ fxe6 28. B@h6+ 
Kf7 29. N@f4 N@e2+ 30. Nxe2 R@h1+ 31. Kxh1 Bxg2+ 32. Kxg2 N@h4+ 33. Kg3 Q@f3# 
{tantheman checkmated} 0-1

[Event "fics rated crazyhouse match"]
[Site "fics, Oklahoma City, OK USA"]
[Date "2000.10.31"]
[White "Thufir"]
[WhiteElo "2356"]
[Black "tantheman"]
[BlackElo "2251"]
[TimeControl "60+0"]
[Result "1-0"]

1. e4 e6 2. d4 b6 3. Nc3 Bb7 4. Nf3 Nf6 5. Bd3 Bb4 6. e5 
Ng4 7. O-O Bxc3 8. bxc3 Nxf2 9. Rxf2 P@e4 10. N@h5 Rg8 11. B@g5 Qc8 
12. Ba3 exd3 13. cxd3 B@g6 14. Nf4 Bxf3 15. Qxf3 Nc6 16. Nxg6 N@f5 17. B@b5 
hxg6 18. Bxc6 dxc6 19. B@g4 B@d7 20. Bxf5 gxf5 21. P@h7 Rh8 22. N@f6+ gxf6 
23. N@g7+ Kd8 24. Bxf6# 
{tantheman resigns} 1-0

[Event "fics rated crazyhouse match"]
[Site "fics, Oklahoma City, OK USA"]
[Date "2000.10.31"]
[White "tantheman"]
[WhiteElo "2245"]
[Black "Thufir"]
[BlackElo "2362"]
[TimeControl "60+0"]
[Result "0-1"]

1. e4 e6 2. Nf3 Nc6 3. Be2 Nf6 4. e5 Nd5 5. O-O d6 6. d4 
dxe5 7. dxe5 P@e4 8. P@b5 exf3 9. bxc6 fxe2 10. Qxe2 bxc6 11. P@e4 Nb6 
12. Nc3 B@d4 13. Bd2 Bxe5 14. N@f3 Bf6 15. Rad1 P@d4 16. e5 B6e7 17. Ne4 
P@g4 18. Ne1 Nd5 19. Qxg4 N@f5 20. c3 dxc3 21. Nxc3 Nxc3 22. Bxc3 P@d5 
23. N@h5 Rg8 24. P@f6 Bc5 25. fxg7 Bxg7 26. P@f6 N@e3 27. fxe3 Nxe3 28. Nxg7+ 
Kd7 29. Qh3 Nxf1+ 30. Kxf1 P@f5 
{tantheman forfeits on time} 0-1

[Event "fics rated crazyhouse match"]
[Site "fics, Oklahoma City, OK USA"]
[Date "2000.10.31"]
[White "Thufir"]
[WhiteElo "2367"]
[Black "tantheman"]
[BlackElo "2240"]
[TimeControl "60+0"]
[Result "1-0"]

1. e4 e6 2. Nc3 Nc6 3. d4 Nf6 4. Nf3 Bb4 5. e5 Nd5 6. Bd3 
Nxc3 7. bxc3 Bxc3+ 8. Bd2 Bxa1 9. Qxa1 d5 10. N@h5 Kf8 11. B@a3+ P@e7 
12. O-O N@g6 13. Bxg6 hxg6 14. Nf4 B@h6 15. N@g4 Bxf4 16. Bxf4 N@h5 17. Be3 
b6 18. B@b5 Bb7 19. Ng5 a6 20. Be2 R@c3 21. Qxc3 b5 22. Bc5 b4 
23. Qd2 a5 24. Bb5 Ra7 25. f4 Ra8 26. Nf2 Kg8 27. Be2 Na7 28. Bxh5 
Rxh5 29. N@g3 Rh8 30. Bxa7 Rxa7 31. Nxf7 Kxf7 32. N@g5+ Kf8 33. Nxe6+ Ke8 
34. Nxd8 Kxd8 35. P@c5 Kc8 36. P@b6 Kb8 37. bxa7+ Kxa7 38. c3 P@b6 39. cxb4 
axb4 40. Qxb4 B@a5 41. cxb6+ cxb6 42. Qa3 B@a6 43. P@b4 P@b5 44. bxa5 bxa5 
45. B@c5+ P@b6 46. Qxa5 Kb8 47. Qxb6 Kc8 48. Q@c7# 
{tantheman checkmated} 1-0

[Event "fics rated crazyhouse match"]
[Site "fics, Oklahoma City, OK USA"]
[Date "2000.10.31"]
[White "tantheman"]
[WhiteElo "2235"]
[Black "Thufir"]
[BlackElo "2372"]
[TimeControl "60+0"]
[Result "1-0"]

1. e4 e6 2. Nc3 Nc6 3. Nf3 Nf6 4. e5 Nd5 5. Be2 d6 6. exd6 
cxd6 7. d4 Be7 8. P@e4 Nf6 9. O-O e5 10. dxe5 Nxe5 11. P@g5 Nfg4 
12. Nxe5 Nxe5 13. Nd5 Bxg5 14. N@c7+ Kf8 15. Nxa8 N@h4 16. Bxg5 Qxg5 17. R@g3 
P@g4 18. B@e7+ Qxe7 19. Nxe7 Kxe7 20. Nc7 P@e6 21. c4 P@f4 22. c5 dxc5 
23. Q@d6+ Kf6 24. Nd5+ Kg6 25. Nxf4+ Kh6 26. Qxe5 B@f6 27. P@g5+ Bxg5 28. Rxg4 
B@f6 29. Rxh4+ P@h5 30. Rxh5# 
{Thufir checkmated} 1-0

[Event "fics rated crazyhouse match"]
[Site "fics, Oklahoma City, OK USA"]
[Date "2000.10.31"]
[White "Thufir"]
[WhiteElo "2361"]
[Black "tantheman"]
[BlackElo "2246"]
[TimeControl "60+0"]
[Result "0-1"]

1. e4 e6 2. d4 b6 3. Nc3 Bb7 4. Nf3 Nf6 5. Bd3 Bb4 6. e5 
Nd5 7. Bd2 Bxc3 8. bxc3 N@f4 9. Bxf4 Nxf4 10. Rg1 Nxd3+ 11. cxd3 B@h5 
12. B@e2 B@g4 13. N@d2 O-O 14. N@g3 Bgxf3 15. Nxf3 Bhxf3 16. Bxf3 Bxf3 17. gxf3 
B@d5 18. Nh5 N@g6 19. Nxg7 Qh4 20. B@f6 Qxh2 21. Rxg6 hxg6 22. N@e7+ Kh7 
23. Nxd5 exd5 24. Kd2 Qxf2+ 25. B@e2 P@e3+ 26. Kc2 R@d2+ 27. Qxd2 exd2 28. R@h3+ 
P@h5 29. B@a3 N@e3+ 30. Kb3 Q@c2+ 31. Kb4 a5+ 32. Kb5 N@a7# 
{Thufir checkmated} 0-1

[Event "fics rated crazyhouse match"]
[Site "fics, Oklahoma City, OK USA"]
[Date "2000.10.31"]
[White "tantheman"]
[WhiteElo "2257"]
[Black "Thufir"]
[BlackElo "2350"]
[TimeControl "60+0"]
[Result "1-0"]

1. e4 e6 2. Nc3 Nf6 3. Nf3 d5 4. exd5 Nxd5 5. Bb5+ Nc6 6. Nxd5 
Qxd5 7. Bxc6+ Qxc6 8. N@e5 Qe4+ 9. P@e3 N@b4 10. d3 Qf5 11. O-O P@g4 
12. Nxg4 Qxg4 13. P@h3 Qf5 14. Bd2 Nd5 15. e4 Qf6 16. exd5 exd5 17. Qe2+ 
P@e4 18. dxe4 Be7 19. exd5 Qxb2 20. N@h5 B@f6 21. P@e6 fxe6 22. dxe6 Bxe6 
23. Qxe6 P@d7 24. P@f7+ Kd8 25. Qb3 Qxb3 26. axb3 P@e2 27. Rfe1 Q@g6 28. Rxa7 
Rxa7 29. Q@b8+ N@c8 30. Qxa7 Qxh5 31. R@e8+ Rxe8 32. fxe8=Q+ Kxe8 33. Qxb7 N@f8 
34. Qxc8+ Kf7 35. B@e8+ Ke6 36. Bxh5 R@f1+ 37. Rxf1 exf1=Q+ 38. Kxf1 R@d1+ 39. Ke2 
R@e1+ 40. Nxe1 Rxe1+ 41. Kxe1 N@f4 42. Bxf4 Kf5 43. N@h4+ Kxf4 44. Q@f3+ Ke5 
45. R@d5# 
{Thufir forfeits on time} 1-0

[Event "fics rated crazyhouse match"]
[Site "fics, Oklahoma City, OK USA"]
[Date "2000.11.01"]
[White "tantheman"]
[WhiteElo "2274"]
[Black "Gobi"]
[BlackElo "2311"]
[TimeControl "180+0"]
[Result "0-1"]

1. e4 e5 2. Nc3 Nc6 3. Bc4 Nf6 4. d3 Bb4 5. Bd2 Bxc3 6. Bxc3 
d6 7. Nf3 O-O 8. Qd2 Bg4 9. O-O-O N@d4 10. B@e2 Nxe2+ 11. Qxe2 B@h5 
12. h3 Bxf3 13. gxf3 N@d4 14. Qe3 Bxf3 15. Rhg1 Bxd1 16. Kxd1 R@f1+ 17. Rxf1 
P@e2+ 18. Ke1 exf1=Q+ 19. Kxf1 Nxc2 20. Qc1 R@h1+ 21. R@g1 P@e2+ 22. Kxe2 N6d4+ 
23. Kd2 Rxg1 24. N@h6+ Kh8 25. Qxg1 Nf3+ 26. Kxc2 Nxg1 27. N@g5 gxh6 28. Nxf7+ 
Rxf7 29. Bxf7 N@a1+ 30. Kd2 Q@e2+ 31. Kc1 Qc2# 
{tantheman checkmated} 0-1

[Event "fics rated crazyhouse match"]
[Site "fics, Oklahoma City, OK USA"]
[Date "2000.11.01"]
[White "Gobi"]
[WhiteElo "2318"]
[Black "tantheman"]
[BlackElo "2267"]
[TimeControl "180+0"]
[Result "1-0"]

1. e4 e6 2. d4 b6 3. Bd3 Bb7 4. Nc3 Bb4 5. Qg4 Nf6 6. Qxg7 
Rg8 7. Qxg8+ Nxg8 8. Nf3 Nc6 9. O-O Qf6 10. R@g3 O-O-O 11. Bg5 Qh8 
12. Bxd8 Nxd8 13. P@g7 Bxc3 14. bxc3 Bxe4 15. gxh8=Q Bxd3 16. Rxg8 N@c6 17. Rxd8+ 
Nxd8 18. N@e7+ Kb7 19. Q@c8# 
{tantheman checkmated} 1-0

[Event "fics rated crazyhouse match"]
[Site "fics, Oklahoma City, OK USA"]
[Date "2000.11.01"]
[White "tantheman"]
[WhiteElo "2260"]
[Black "Gobi"]
[BlackElo "2325"]
[TimeControl "120+0"]
[Result "1-0"]

1. e4 e5 2. Nf3 Nc6 3. Bc4 Bc5 4. Nc3 Nf6 5. d3 d6 6. Bg5 
Be6 7. Nd5 Bxd5 8. exd5 Nb4 9. B@h4 Rg8 10. O-O N@b6 11. Bb5+ c6 
12. dxc6 bxc6 13. Ba4 Nxa4 14. c3 P@c2 15. Qd2 B@d1 16. Raxd1 cxd1=Q 17. Qxd1 
Nxd3 18. Qxd3 R@g4 19. N@h5 P@e4 20. Bxf6 gxf6 21. Nxf6+ Qxf6 22. Bxf6 Rxg2+ 
23. Kh1 P@e7 24. Qxe4 B@d7 25. Bxe7 Rxf2 26. Rxf2 Bxf2 27. N@f6+ Kxe7 28. Nxg8+ 
Rxg8 29. P@e6 Kd8 30. P@e7+ Kc7 31. B@d8+ Kb7 32. R@c7+ Ka6 33. R@a5+ Kxa5 
34. Rxa7# 
{Gobi forfeits on time} 1-0

[Event "fics rated crazyhouse match"]
[Site "fics, Oklahoma City, OK USA"]
[Date "2000.11.01"]
[White "Gobi"]
[WhiteElo "2316"]
[Black "tantheman"]
[BlackElo "2269"]
[TimeControl "120+0"]
[Result "1-0"]

1. e4 e6 2. d4 b6 3. Nc3 Bb7 4. Bd3 Nf6 5. Nge2 d5 6. e5 
Ne4 7. O-O Bb4 8. f3 Nxc3 9. bxc3 Be7 10. N@h5 O-O 11. Nxg7 Kxg7 
12. P@f6+ Bxf6 13. exf6+ Kg8 14. B@e7 Qc8 15. Bxf8 Qxf8 16. Ng3 Nc6 17. R@g7+ 
Kh8 18. Rxh7+ Kg8 19. P@g7 
{tantheman resigns} 1-0

[Event "fics rated crazyhouse match"]
[Site "fics, Oklahoma City, OK USA"]
[Date "2000.11.01"]
[White "tantheman"]
[WhiteElo "2262"]
[Black "Gobi"]
[BlackElo "2323"]
[TimeControl "120+0"]
[Result "0-1"]

1. e4 e5 2. Nc3 Nc6 3. Bc4 Bc5 4. Nf3 Nf6 5. d3 d6 6. Bg5 
Be6 7. Nd5 Bxd5 8. exd5 Nb4 9. a3 Bxf2+ 10. Kxf2 N@e4+ 11. Kf1 Nxg5 
12. Nxg5 Nbxd5 13. B@d2 B@f4 14. B@f3 P@e6 15. Bcxd5 exd5 16. N@f5 Rg8 17. g3 
Bxg5 18. Bxg5 B@h3+ 19. B@g2 Bxf5 20. Bxd5 Nxd5 21. Bxd5 Qxg5 22. N@g2 P@h3 
23. Bxb7 hxg2+ 24. Kxg2 N@e3+ 25. Kg1 N@h3# 
{tantheman checkmated} 0-1

[Event "fics rated crazyhouse match"]
[Site "fics, Oklahoma City, OK USA"]
[Date "2000.11.01"]
[White "Flesh"]
[WhiteElo "2274"]
[Black "ronenl"]
[BlackElo "2277"]
[TimeControl "60+0"]
[Result "1-0"]

1. e4 e6 2. d4 d5 3. e5 c5 4. c3 Nc6 5. Bb5 Bd7 6. Bxc6 
Bxc6 7. Nf3 cxd4 8. cxd4 Rc8 9. Nc3 B@b4 10. Bf4 P@a3 11. N@d6+ Bfxd6 
12. exd6 axb2 13. O-O bxa1=Q 14. Qxa1 Bxc3 15. P@c7 Qf6 16. B@g5 Bxa1 17. Bxf6 
Nxf6 18. Q@e7# 
{ronenl checkmated} 1-0